AoeStats
← Terric

Arena

509403453Analyzed
3v3 RM · 5d ago on Sep 26, 2026· 51m 18s· 6 players
Game mode
Random Map
Map size
Normal (6 player)
Population
200
Speed
Normal
Resources
Standard
Victory
Conquest
Starting age
Dark Age
Ending age
Imperial Age
RankedLock teamsTeams togetherTeam positionsShared explorationLock speedFull tech treeHidden civsTurbo modeCheats
Victory
Defeat
🇪🇸 Wu · Spain
712
+14
🇪🇸 Khmer · Spain
709
+15
🇪🇸 Franks · Spain
681
+16
🇩🇪 Celts · Germany
709
-16
🇧🇷 Britons · Brazil
692
-16
🇺🇸 Japanese · United States
631
-13
Terric
1:09 Loom
12:08 Feudal Age
16:36 Double-Bit Axe
16:59 Horse Collar
22:43 Castle Age
21:27 Gold Mining
21:48 Arson
21:24 Man-at-Arms
22:40 Scale Mail Armor
23:13 Forging
23:36 Bow Saw
24:48 Wheelbarrow
24:07 Gambesons
24:09 Long Swordsman
25:59 Heavy Plow
28:15 Town Watch
28:48 Hand Cart
28:29 Stone Mining
28:16 Pikeman
31:06 Chain Mail Armor
31:32 Gold Shaft Mining
33:15 Stone Shaft Mining
32:44 Town Patrol
Cpt. Awesome
0:36 Loom
12:27 Feudal Age
12:56 Double-Bit Axe
12:53 Horse Collar
13:50 Wheelbarrow
13:04 Town Watch
14:00 Stone Mining
14:02 Gold Mining
22:49 Castle Age
22:08 Arson
22:30 Scale Mail Armor
22:40 Forging
22:21 Fletching
23:36 Squires
22:57 Pikeman
23:24 Gambesons
24:00 Hand Cart
24:01 Bow Saw
24:07 Heavy Plow
26:01 Man-at-Arms
26:28 Treadmill Crane
27:37 Gold Shaft Mining
27:34 Long Swordsman
30:30 Fervor
30:48 Town Patrol
32:03 Sanctity
33:21 Chain Mail Armor
35:24 Fortified Wall
35:35 Ballistics
35:11 Murder Holes
35:59 Bodkin Arrow
37:21 Guard Tower
37:42 Masonry
38:16 Iron Casting
39:28 Redemption
39:49 Yasama
43:38 Imperial Age
44:43 Conscription
45:04 Bracer
45:51 Halberdier
47:06 Onager
48:36 Plate Mail Armor
48:20 Husbandry
51:40 Blast Furnace
TRMN. no pain, no gain
7:09 Loom
10:48 Feudal Age
11:29 Double-Bit Axe
12:09 Town Watch
14:38 Gold Mining
18:39 Castle Age
19:18 Stone Mining
19:56 Bow Saw
20:54 Horse Collar
22:53 Gold Shaft Mining
26:25 Man-at-Arms
28:42 Padded Archer Armor
28:33 Fletching
31:06 Ballistics
30:39 Guard Tower
31:47 Leather Archer Armor
31:28 Bodkin Arrow
31:51 Leather Archer Armor
jufhasa
11:06 Feudal Age
11:56 Loom
17:39 Gold Mining
20:01 Double-Bit Axe
24:44 Castle Age
22:49 Padded Archer Armor
22:40 Fletching
23:00 Forging
22:51 Scale Mail Armor
22:56 Scale Barding Armor
25:56 Leather Archer Armor
25:36 Bodkin Arrow
26:17 Iron Casting
25:58 Chain Mail Armor
26:50 Chain Barding Armor
26:38 Pikeman
27:19 Squires
26:41 Man-at-Arms
27:49 Crossbowman
33:10 Wheelbarrow
32:58 Bow Saw
34:39 Husbandry
35:33 Hand Cart
39:58 Imperial Age
39:19 Town Watch
39:43 Caravan
40:06 Cavalier
41:51 Blast Furnace
41:22 Plate Mail Armor
41:28 Plate Barding Armor
41:17 Conscription
41:33 Hoardings
41:00 Chivalry
40:44 Capped Ram
41:42 Halberdier
42:08 Arson
43:28 Paladin
49:17 Ordonnance Companies
Yhuma
0:44 Loom
15:16 Feudal Age
20:41 Castle Age
19:13 Arson
19:47 Horse Collar
20:45 Fletching
22:22 Forging
25:22 Double-Bit Axe
28:37 Stone Mining
28:38 Gold Mining
30:44 Tusk Swords
31:24 Pikeman
36:08 Coinage
36:38 Guard Tower
37:35 Caravan
41:49 Imperial Age
40:21 Fortified Wall
40:32 Ballistics
40:16 Padded Archer Armor
44:38 Masonry
46:50 Town Watch
47:41 Wheelbarrow
50:07 Chemistry
eierkopf.uno
12:18 Feudal Age
16:33 Castle Age
14:41 Double-Bit Axe
14:40 Horse Collar
18:16 Wheelbarrow
18:08 Forging
18:00 Scale Mail Armor
17:49 Town Watch
18:18 Bow Saw
18:27 Heavy Plow
18:33 Loom
23:25 Squires
24:07 Arson
26:24 Chain Mail Armor
27:31 Iron Casting
30:42 Pikeman
34:27 Imperial Age
36:36 Conscription
39:39 Halberdier
44:30 Fletching
48:59 Plate Mail Armor
49:30 Blast Furnace
48:27 Bodkin Arrow
Connection lost

Rejoining the realm…

Still unreachable

The connection could not be restored.

Session expired

The server has moved on; the page needs a fresh start.